 Dungeon Crawl Stone Soup version 0.29-a0-925-g0a7a3d12f8 (webtiles) character file.

Game seed: 2271363569923848119

67 Essalna the Insei (level 3, -1/30 HPs)
             Began as a Draconian Transmuter on July 29, 2022.
             Killed by nerve-wracking pain
             ... invoked by Grinder
              (8 damage)
             ... on level 3 of the Dungeon.
             The game lasted 00:04:20 (2250 turns).

Essalna the Insei (Draconian Transmuter)            Turns: 2250, Time: 00:04:21

Health: -1/30      AC:  8    Str: 12    XL:     3   Next: 98%
Magic:  0/15       EV: 12    Int: 13    God:
Gold:   138        SH:  0    Dex: 13    Spells: 5/6 levels left

rFire   . . .      SeeInvis +     - Unarmed
rCold   . . .      Faith    .   (no shield)
rNeg    . . .      Spirit   +   (body armour unavailable)
rPois   .          Reflect  .   (helmet restricted)
rElec   .          Harm     .   g - +2 cloak
rCorr   .          Rampage  .   (no gloves)
Will    .....                   (no boots)
Stlth   +.........              r - amulet of guardian spirit
HPRegen 0.10/turn               n - ring of see invisible
MPRegen 0.14/turn               v - ring of magical power

@: no status effects
A: AC +5, unfitting armour, cold-blooded
a: no special abilities


You were on level 3 of the Dungeon.
You visited 1 branch of the dungeon, and saw 3 of its levels.

You collected 138 gold pieces.

Inventory:

Missiles
 m - 2 curare-tipped darts
Armour
 g - a +2 cloak (worn)
Jewellery
 n - a ring of see invisible (left hand)
 r - an amulet of guardian spirit (around neck)
 s - an amulet of the acrobat
 v - a ring of magical power (right hand)
Scrolls
 b - a scroll of butterflies {unknown}
 c - a scroll of acquirement {unknown}
 d - 3 scrolls of enchant weapon {unknown}
 f - a scroll of vulnerability {unknown}
 h - 3 scrolls of identify {unknown}
 j - a scroll of poison {unknown}
 k - a scroll of teleportation {unknown}
 l - a scroll of blinking {unknown}
 p - a scroll of immolation {unknown}
 q - a scroll of amnesia {unknown}
 t - a scroll of fear {unknown}
Potions
 a - a potion of lignification
 e - a potion of attraction {unknown}
 i - 2 potions of curing {unknown}
 o - 3 potions of heal wounds {unknown}
 u - a potion of mutation {unknown}


   Skills:
 + Level 2.5 Fighting
 - Level 1.7 Dodging
 + Level 3.7 Unarmed Combat
 - Level 2.0 Spellcasting
 + Level 2.9 Transmutations


You had 5 spell levels left.
You knew the following spells:

 Your Spells              Type           Power      Damage    Failure   Level
a - Beastly Appendage     Tmut           16%        N/A       8%          1

Your spell library contained the following spells:

 Spells                   Type           Power      Damage    Failure   Level
 Wereblood                Tmut           8%         N/A       12%         2
 Spider Form              Tmut/Pois      5%         N/A       38%         3
 Ice Form                 Ice/Tmut       5%         N/A       80%         4


Dungeon Overview and Level Annotations

Branches:
Dungeon (3/15)

Altars:

Shops:
D:2 =

Annotations:
D:3 Grinder


Innate Abilities, Weirdness & Mutations

Your plain brown scales are hard. (AC +5)
You cannot fit into any form of body armour.
You are cold-blooded and may be slowed by cold attacks.


Message History

Your transformation is almost over.
You closely miss Grinder. Grinder gestures at you.
You resist with significant effort.
You hit Grinder but do no damage. You barely miss Grinder.
You claw Grinder, but do no damage. You punch Grinder, but do no damage.
Grinder hits you!
You writhe in agony.
You hit Grinder. You claw Grinder, but do no damage.
Grinder is lightly wounded.
Grinder gestures at you.
You barely resist. You closely miss Grinder. You headbutt Grinder.
Grinder is moderately wounded.
Grinder hits you.
You writhe in agony.
You barely miss Grinder. You claw Grinder, but do no damage.
Grinder is moderately wounded.
Grinder gestures at you.
You suddenly lose the ability to move!
Grinder hits you.
You writhe in agony.
* * * LOW HITPOINT WARNING * * *
Grinder hits you but does no damage.
Your horns disappear.
Your talons disappear.
Grinder hits you but does no damage.
You can move again.
Grinder hits you but does no damage. Grinder attacks as you move away!
Grinder hits you but does no damage. Grinder gestures at you.
You shrug off the repeated paralysis!
Grinder blinks!
Grinder hits you.
* * * LOW HITPOINT WARNING * * *
There is a stone staircase leading up here.
Grinder gestures at you.
You barely resist.
You see here a frilled lizard skeleton.
Grinder attacks as you move away! Grinder hits you but does no damage.
There is a stone staircase leading up here.
Grinder gestures at you. Pain shoots through your body!
You die...

...........######
#...............###
#......)..........##
#.........###)###..#####
#.....†..##..÷..##.....#
.........#...#...#.....#
.........#.<...<.#.....#
......#..#..._.5.#.....###
.........#.#...#@#......>#
.............<.........#
.......#..#.....#......#
..........#######......#
......###..............#
......# ###........#####
......# #......### #######
######## #


You could see Grinder.

Vanquished Creatures
  2 adders (D:2)
  A worm (D:3)
  A dart slug (D:2)
  5 bats
  6 endoplasms
  A giant cockroach (D:2)
  7 goblins
  4 hobgoblins
  4 kobolds
  3 quokkas
  3 ball pythons
  A frilled lizard (D:3)
  2 rats
40 creatures vanquished.

Notes
Turn   | Place    | Note
-------+----------+-------------------------------------------
     0 | D:1      | Essalna the Draconian Transmuter began the quest for the
                  | Orb.
     0 | D:1      | Reached XP level 1. HP: 16/16 MP: 3/3
   416 | D:1      | Reached XP level 2. HP: 22/23 MP: 3/5
  1423 | D:2      | Reached XP level 3. HP: 29/29 MP: 4/6
  1584 | D:2      | Found Keqom's Jewellery Boutique.
  1909 | D:3      | Found a faded altar of an unknown god.
  2148 | D:3      | Noticed Grinder
  2233 | D:3      | Paralysed by Grinder for 3 turns
  2250 | D:3      | Killed from afar by Grinder

Illustrated notes

Levels and vault maps discovered:
D:1:      elethiomel_arrival_shortcut, layout_basic, minmay_pentomino_v2
D:2:      layout_loops_ring, serial_shops, nicolae_shop_window_shopping,
          nicolae_underground_beach
D:3:      layout_basic, nicolae_ecumenical_pavilion, uniq_grinder

Skill      XL: |  1  2 |
---------------+-------+-----
Fighting       | 2 |  2.5
Dodging        | |  1.7
Unarmed Combat | |  3.7
Spellcasting   | |  2.0
Transmutations | |  2.9

Action                   || total
-------------------------++-------
Melee: Unarmed           ||   106
       Kick              ||    15
       Tailslap          ||    12
       Headbutt          ||     8
       Punch             ||     4
 Cast: Beastly Appendage ||    29
 Stab: Sleeping          ||     2
Armor: Skin              ||    50
Dodge: Dodged            ||    66

Table legend: (Time is in decaauts)
 A = Elapsed time spent in this place.
 B = Non-inter-level travel time spent in this place.
 C = Inter-level travel time spent in this place.
 D = Time resting spent in this place.
 E = Time spent auto-exploring this place.
 F = Levels seen in this place.
 G = Mean time per level.
                   A        B        C        D        E       F      G
               +--------+--------+--------+--------+--------+-----+--------+
         Total |   2245 |   2161 |     84 |      0 |   1827 |   3 |  748.3 |
       Dungeon |   2245 |   2161 |     84 |      0 |   1827 |   3 |  748.3 |
               +--------+--------+--------+--------+--------+-----+--------+

Top non-repeatable levels by time:
     D:1: 1112 daAuts
     D:2: 794 daAuts
     D:3: 338 daAuts
